 Dungeon Crawl Stone Soup version 0.29.0-4-gdea44cf6ec (webtiles) character file.

Game seed: 15936566341753692433

19371 112233 the Jinx (level 12, -3/57 HPs)
             Began as a Felid Enchanter on Aug 26, 2022.
             Was an Initiate of Gozag.
             Slain by an ogre
             ... wielding a +0 giant club
              (35 damage)
             ... on level 2 of the Orcish Mines.
             The game lasted 00:41:11 (24396 turns).

112233 the Jinx (Felid Enchanter)                  Turns: 24396, Time: 00:41:11

Health: -3/57      AC:  3    Str:  6    XL:     12   Next: 35%
Magic:  2/35       EV: 26    Int: 19    God:    Gozag
Gold:   1064       SH:  5    Dex: 17    Spells: 14/29 levels left
                                        Lives:  0   Deaths: 3

rFire   . . .      SeeInvis +     - Unarmed
rCold   + . .      Faith    .   (shield unavailable)
rNeg    . . .      Spirit   .   (body armour unavailable)
rPois   .          Reflect  +   (helmet unavailable)
rElec   .          Harm     .   (cloak unavailable)
rCorr   .          Rampage  .   (gloves unavailable)
Will    +....                   (boots unavailable)
Stlth   +++++.....              m - amulet of reflection
HPRegen 0.19/turn               u - ring of magical power
MPRegen 0.24/turn               (no ring)

@: gold aura, quick
A: very small, claws 1, fangs 3, see invisible, speed 1, shaggy fur 3, stealthy
paws, no weapons or thrown items, no armour, multi-lived
a: Renounce Religion, Potion Petition, Call Merchant, Bribe Branch


You were on level 2 of the Orcish Mines.
You worshipped Gozag.
Gozag was most pleased with you.
You visited 2 branches of the dungeon, and saw 16 of its levels.
You also visited: Bailey and Ice Cave.

You collected 4269 gold pieces.
You paid 3205 gold pieces to Gozag.

Inventory:

Jewellery
 m - an amulet of reflection (around neck)
 o - an amulet of magic regeneration
 u - a ring of magical power (left paw)
 C - an amulet of guardian spirit
Wands
 a - a wand of roots (6)
 z - a wand of charming (3)
 D - a wand of polymorph (12)
 E - a wand of quicksilver (1)
 H - a wand of flame (24)
Scrolls
 b - 4 scrolls of vulnerability
 c - a scroll of teleportation
 d - 10 scrolls of identify
 f - 3 scrolls of magic mapping
 g - 6 scrolls of enchant armour {unknown}
 l - 2 scrolls of immolation {unknown}
 p - a scroll of amnesia {unknown}
 r - a scroll of blinking {unknown}
 t - a scroll of silence {unknown}
 v - 3 scrolls of poison {unknown}
 w - 3 scrolls of noise {unknown}
 x - 2 scrolls of enchant weapon {unknown}
 I - 2 scrolls of butterflies {unknown}
Potions
 e - 5 potions of flight
 h - 3 potions of haste {unknown}
 j - a potion of resistance {unknown}
 k - 3 potions of curing
 n - 4 potions of lignification {unknown}
 q - a potion of berserk rage {unknown}
 s - 4 potions of heal wounds {unknown}
 A - 3 potions of attraction {unknown}
 B - 3 potions of brilliance
 F - 2 potions of might {unknown}
 G - a potion of cancellation {unknown}
 J - a potion of invisibility
 K - a potion of magic {unknown}
Miscellaneous
 i - a phantom mirror (inert)
 y - a condenser vane (inert)
 L - a tin of tremorstones (2/2)


   Skills:
 + Level 9.5 Fighting
 + Level 12.6 Dodging
 - Level 12.0 Stealth
 + Level 9.6 Unarmed Combat
 + Level 9.1 Spellcasting
 - Level 13.9 Hexes


You had 14 spell levels left.
You knew the following spells:

 Your Spells              Type           Power      Damage    Failure   Level
a - Ensorcelled Hibernat  Hex/Ice        70%        N/A       1%          2
b - Tukima's Dance        Hex            57%        N/A       1%          3
c - Confusing Touch       Hex            57%        N/A       1%          3
d - Fulminant Prism       Conj/Hex       17%        3d11      4%          4
e - Dazzling Flash        Conj/Hex       70%        N/A       1%          3

Your spell library contained the following spells:

 Spells                   Type           Power      Damage    Failure   Level
 Magic Dart               Conj           32%        1d4       9%          1
 Poisonous Vapours        Pois/Air       16%        N/A       12%         2
 Searing Ray              Conj           16%        2d5       12%         2
 Static Discharge         Conj/Air       8%         3-4/arc   12%         2
 Gell's Gravitas          Tloc           8%         N/A       24%         3
 Teleport Other           Tloc           8%         N/A       24%         3
 Dispel Undead            Necr           8%         3d8       63%         4
 Sticky Flame             Conj/Fire      8%         2d3       63%         4
 Dispersal                Tloc           4%         N/A       100%        6
 Corpse Rot               Necr/Pois/Air  Unusable   N/A       N/A         4

Dungeon Overview and Level Annotations

Branches:
Dungeon (14/15)            Temple (0/1) D:6            Lair (0/5) D:11
    Orc (2/2) D:11            Elf (0/3) Orc:2        Bailey (visited)
  IceCv (visited)
 Vaults: D:13-14

Altars:
Ashenzari
Cheibriados
Gozag
Kikubaaqudgha
Makhleb
Trog
Xom

Shops:
Orc:1 (

Annotations:
D:5 3 runed translucent doors, Picru's ghost, amateur GnFi
D:8 exclusion: downstairs
D:11 exclusion: downstairs
D:13 Snorg


Innate Abilities, Weirdness & Mutations

You have sharp claws.
You have razor-sharp teeth.
You have supernaturally acute eyesight. (SInv)
You cover ground quickly. (Speed+)
Your thick and shaggy fur keeps you warm. (AC +3, rC+)
Your paws help you pounce on unaware monsters.
You are incapable of wielding weapons or throwing items.
You cannot wear armour.
You gain extra lives every three experience levels.


Message History

Aiming: Tukima's Dance (safe; 1% risk of failure)
Press: ? - help, Shift-Dir - straight line, f/p - ogre mage
Aim: an ogre mage, wielding a +0 whip and wearing a +0 robe (moderately wounded, slightly transparent, ally target, chance to affect: 24%)
The ogre mage resists with almost no effort.
Your ogre mage hits the ogre mage with a +0 whip.
Your +0 giant spiked club hits the ogre!!
The ogre dies!
An ogre comes into view. It is wielding a +0 giant club.
The ogre mage is distracted by your dazzling golden aura.
Unknown command.
Unknown command.
You feel better.
Your ogre mage hits the ogre mage with a +0 whip.
The ogre hits your +0 giant spiked club with a +0 giant club!
Your +0 giant spiked club falls from the air.
Unknown command.
Casting: Tukima's Dance (safe; 1% risk of failure)
Confirm with . or Enter, or press ? or * to list all spells.
Aiming: Tukima's Dance (safe; 1% risk of failure)
Press: ? - help, Shift-Dir - straight line, f/p - ogre mage
Aim: an ogre mage, wielding a +0 whip and wearing a +0 robe (moderately wounded, slightly transparent, ally target, chance to affect: 24%)
The ogre mage is no longer distracted by gold.
The ogre mage resists with almost no effort.
The ogre mage casts a spell at the ogre.
The ogre seems to speed up.
Casting: Tukima's Dance (safe; 1% risk of failure)
Confirm with . or Enter, or press ? or * to list all spells.
Aiming: Tukima's Dance (safe; 1% risk of failure)
Press: ? - help, Shift-Dir - straight line, f/p - ogre mage
Aim: an ogre mage, wielding a +0 whip and wearing a +0 robe (moderately wounded, slightly transparent, ally target, chance to affect: 24%)
The +0 whip dances into the air!
Your ogre mage hits the ogre mage with a +0 whip!
The ogre mage hits your +0 whip.
Unknown command.
You see here a +0 giant club.
The ogre attacks as you move away!
The ogre hits you with a +0 giant club!!
Ouch! That really hurt!
You die...
Your body crumbles into a pile of gold.

..............## #...#...........
...........#### ##.#.#..........
.......)...# #.......$.$.....
#..........# ##............$..
##)......### #........)......$
........)..## ##..$)..).O$.....
.........)).## ###.OO$)..........
.............###.#(.#..).........
.......)).).)).)@O))...########..
.....#.[))..)...)..#$.## .
....###....$.).[.###..# .)..#
##.......).# #..# ..<##
##)...).)..# #... ...##
#....).....# ....
....###....).#.### ..#..
...........$)#.# ...........<####


You could see an ogre mage (invisible, ally target), an ogre (fast), a friendly
ogre mage (summoned, drained) and a friendly +0 whip.

Vanquished Creatures
  An ettin (Orc:2)
  A boulder beetle (Orc:1)
  An ogre mage (Orc:2)
  A centaur warrior (D:14)
  7 two-headed ogres
  Pikel (D:6)
  An orc knight (Orc:2)
  2 cyclopes
  A manticore (D:10)
  A komodo dragon (D:11)
  An unseen horror (D:10)
  2 hornets
  4 trolls
  Prince Ribbit (D:7)
  Sigmund (D:2)
  A dancing weapon (D:10)
  2 shadows
  2 vampires (D:11)
  A wyvern (D:9)
  24 yaks
  2 wraiths (D:10)
  3 steam dragons
  9 vampire mosquitoes
  2 wargs
  3 acid dragons
  11 orc warriors
  5 black bears
  An ice beast (D:5)
  7 ogres
  2 centaurs
  2 phantoms (D:7)
  3 lemures (D:6)
  2 kobold brigands
  4 bullfrogs
  A scorpion (D:11)
  3 necrophages
  3 wights
  7 howler monkeys
  A lava snake (D:7)
  3 quasits
  3 hounds
  A jelly (D:7)
  16 orc priests
  2 gnoll boudas
  2 iguanas
  15 orc wizards
  Robin (D:4)
  16 gnolls
  7 adders
  4 shadow imps
  5 white imps
  2 ufetubi (D:7)
  A worm (D:3)
  4 dart slugs
  60 orcs
  5 bats
  9 endoplasms
  6 giant cockroaches
  13 goblins
  9 hobgoblins
  11 jackals
  5 quokkas
  10 ball pythons
  A frilled lizard (D:3)
  29 kobolds
  2 rats
369 creatures vanquished.

Vanquished Creatures (collateral kills)
  An ogre mage (Orc:2)
  7 two-headed ogres
  A vampire (D:11)
  4 orc warriors
  9 ogres
  A gnoll sergeant (D:9)
  A kobold brigand (D:9)
  2 wights (D:8)
  2 orc priests (D:9)
  3 gnolls
  13 orcs
  5 kobolds (D:9)
49 creatures vanquished.

Vanquished Creatures (others)
  16 dancing weapons
  6 demonic plants (D:7)
  A fulminant prism (D:7)
  20 fungi (D:11)
  27 plants
70 creatures vanquished.

Grand Total: 488 creatures vanquished

Notes
Turn   | Place    | Note
-------+----------+-------------------------------------------
     0 | D:1      | 112233 the Felid Enchanter began the quest for the Orb.
     0 | D:1      | Reached XP level 1. HP: 7/7 MP: 4/4
   338 | D:1      | Found a faded altar of an unknown god.
   400 | D:1      | Reached XP level 2. HP: 4/11 MP: 6/6
   729 | D:1      | Learned a level 2 spell: Ensorcelled Hibernation
   771 | D:1      | Reached skill level 5 in Hexes
  1693 | D:1      | Reached XP level 3. HP: 14/14 MP: 7/7
  2102 | D:2      | Reached skill level 5 in Stealth
  2196 | D:2      | Noticed Sigmund
  2306 | D:2      | Learned a level 3 spell: Tukima's Dance
  3127 | D:4      | Noticed a necrophage
  3130 | D:4      | Reached XP level 4. HP: 18/18 MP: 5/8
  3452 | D:2      | Killed Sigmund
  3453 | D:2      | Reached skill level 7 in Hexes
  3453 | D:2      | Reached XP level 5. HP: 9/21 MP: 1/9
  4345 | D:2      | Learned a level 3 spell: Confusing Touch
  4645 | D:3      | Gained mutation: You are covered in thick fur. (AC +2)
                  | [Felid growth]
  4645 | D:3      | Reached XP level 6. HP: 24/24 MP: 7/10
  5379 | D:4      | Noticed Robin
  5523 | D:4      | Reached skill level 1 in Fighting
  5523 | D:4      | Reached skill level 8 in Hexes
  5566 | D:5      | Entered Level 5 of the Dungeon
  5736 | D:5      | Mangled by a black bear
  5737 | D:5      | Reached XP level 5. HP: -8/22 MP: 3/9
  5860 | D:5      | Found a runed translucent gate.
  5860 | D:5      | Found a runed translucent gate.
  5862 | D:5      | Found a runed translucent gate.
  5881 | D:5      | Reached XP level 6. HP: 25/25 MP: 6/10
  6368 | D:5      | Noticed an ice beast
  6406 | D:5      | Killed an ice beast
  6569 | D:5      | Reached XP level 7. HP: 18/30 MP: 1/12
  7014 | D:5      | Found an opulent altar of Gozag.
  7021 | D:5      | Became a worshipper of Gozag Ym Sagoz the Greedy
  7108 | D:5      | Noticed Picru's ghost (amateur GnFi)
  7121 | D:5      | Found an ancient bone altar of Kikubaaqudgha.
  8301 | D:6      | Noticed a steam dragon
  8305 | D:6      | Killed a steam dragon
  8802 | D:4      | Killed Robin
  9087 | D:4      | Found a broken altar of Ashenzari.
  9091 | D:4      | Saw a vision of the Shoals and the Spider Nest.
  9091 | D:4      | Noticed a demonic crawler
  9091 | D:4      | Noticed an entropy weaver
  9091 | D:4      | Noticed a jorogumo
  9091 | D:4      | Noticed a demonic crawler
  9091 | D:4      | Noticed a tarantella
  9091 | D:4      | Noticed a culicivora
  9091 | D:4      | Noticed a moth of wrath
  9091 | D:4      | Noticed a pharaoh ant
  9091 | D:4      | Noticed a steelbarb worm
  9091 | D:4      | Noticed an alligator snapping turtle
  9091 | D:4      | Noticed a merfolk impaler
  9091 | D:4      | Noticed a merfolk siren
  9091 | D:4      | Noticed a sea snake
  9091 | D:4      | Noticed a water elemental
  9091 | D:4      | Noticed a sea snake
  9091 | D:4      | Noticed a merfolk javelineer
  9091 | D:4      | Noticed a demonic crawler
  9093 | D:4      | Noticed a moth of wrath
  9093 | D:4      | Noticed a merfolk siren
  9094 | D:4      | Noticed a wolf spider
  9418 | D:6      | Reached skill level 9 in Hexes
  9418 | D:6      | Reached XP level 8. HP: 34/34 MP: 9/14
  9729 | D:6      | Noticed Pikel
  9919 | D:6      | Killed Pikel
  9920 | D:6      | Reached skill level 5 in Dodging
 10145 | D:6      | Found a staircase to the Ecumenical Temple.
 10514 | D:6      | Found a snail-covered altar of Cheibriados.
 11583 | D:8      | Noticed a hornet
 11596 | D:8      | Reached XP level 9. HP: 34/39 MP: 16/16
 12003 | D:9      | Reached skill level 10 in Hexes
 12178 | D:10     | Entered Level 10 of the Dungeon
 12197 | D:10     | Noticed a cyclops
 12201 | D:10     | Killed a cyclops
 12202 | D:10     | Reached skill level 10 in Stealth
 12232 | D:10     | Noticed a two-headed ogre
 12302 | D:10     | Noticed an unseen horror
 12309 | D:10     | Noticed a troll
 12309 | D:10     | Noticed a troll
 12321 | D:10     | Noticed a two-headed ogre
 12321 | D:10     | Noticed a troll
 12322 | D:10     | Killed from afar by an acid dragon
 12323 | D:10     | Reached XP level 8. HP: -14/36 MP: 22/25
 12323 | D:10     | Found a flagged portal.
 12328 | Bailey   | Entered a bailey
 12870 | Bailey   | Reached skill level 5 in Unarmed Combat
 12870 | Bailey   | Reached skill level 5 in Spellcasting
 12912 | Bailey   | Noticed an orc knight
 13005 | Bailey   | Reached skill level 5 in Fighting
 13210 | D:10     | Reached XP level 9. HP: 40/40 MP: 17/17
 13438 | D:10     | Noticed a manticore
 13468 | D:10     | Killed a manticore
 13469 | D:10     | Reached skill level 11 in Hexes
 13548 | D:10     | Killed a two-headed ogre
 13576 | D:10     | Killed a troll
 13625 | D:10     | Killed a troll
 13626 | D:10     | Reached XP level 10. HP: 45/45 MP: 19/19
 13700 | D:10     | Learned a level 4 spell: Fulminant Prism
 13755 | D:11     | Noticed a two-headed ogre
 13781 | D:10     | Found a bloodstained altar of Trog.
 13807 | D:10     | Killed a two-headed ogre
 13925 | D:9      | Noticed a two-headed ogre
 14495 | D:7      | Noticed Prince Ribbit
 14506 | D:7      | Killed Prince Ribbit
 14753 | D:7      | Found a shimmering altar of Xom.
 15426 | D:8      | Reached skill level 12 in Hexes
 17275 | D:9      | Killed a two-headed ogre
 17276 | D:9      | Reached XP level 11. HP: 49/49 MP: 21/21
 17657 | D:9      | Found a burning altar of Makhleb.
 18339 | D:10     | Reached skill level 10 in Dodging
 18855 | D:10     | Paralysed by a hornet for 2 turns
 18862 | D:10     | Reached skill level 13 in Hexes
 19612 | D:10     | Noticed a two-headed ogre
 19642 | D:10     | Killed a two-headed ogre
 20003 | D:10     | Learned a level 3 spell: Dazzling Flash
 20087 | D:10     | Killed a two-headed ogre
 20846 | D:11     | Identified the +5 ring mail of the Catamount {Str+6}
 20902 | D:11     | You fall into a shaft and drop 2 floors!
 20924 | D:13     | Noticed Snorg
 20928 | D:13     | Noticed a tengu warrior
 20929 | D:13     | Noticed a tengu warrior
 20939 | D:14     | Noticed a centaur warrior
 20946 | D:14     | Killed a centaur warrior
 20947 | D:14     | Gained mutation: Your thick and shaggy fur keeps you warm.
                  | (AC +3, rC+) [Felid growth]
 20947 | D:14     | Reached XP level 12. HP: 29/55 MP: 24/24
 21097 | D:13     | Found a frozen archway.
 21108 | IceCv    | Entered an ice cave
 21123 | D:13     | HP: 2/55 [vampire mosquito (8)]
 21124 | D:13     | Mangled by a vampire mosquito
 21125 | D:13     | Reached XP level 11. HP: -9/51 MP: 28/32
 21195 | D:12     | Noticed a two-headed ogre
 21208 | D:12     | Noticed a two-headed ogre
 21219 | D:12     | Noticed a deep elf pyromancer
 21454 | D:11     | Found a staircase to the Orcish Mines.
 21903 | D:11     | Found a staircase to the Lair.
 22134 | Orc:1    | Entered Level 1 of the Orcish Mines
 22167 | Orc:1    | Noticed a boulder beetle
 22176 | Orc:1    | Killed a boulder beetle
 22242 | Orc:1    | Found Viaha's Antique Weapon Shoppe.
 22869 | Orc:2    | Entered Level 2 of the Orcish Mines
 22935 | Orc:2    | Noticed an ettin
 22935 | Orc:2    | Noticed a two-headed ogre
 22942 | Orc:2    | Noticed a two-headed ogre
 22995 | Orc:2    | Killed a two-headed ogre
 23004 | Orc:2    | Noticed an orc knight
 23282 | Orc:2    | Found a staircase to the Elven Halls.
 23642 | Orc:2    | Killed a two-headed ogre
 23691 | Orc:2    | Killed an ettin
 23721 | Orc:2    | Killed an orc knight
 23794 | Orc:2    | Noticed a two-headed ogre
 23811 | Orc:2    | Killed a two-headed ogre
 23812 | Orc:2    | Noticed an ogre mage
 23812 | Orc:2    | Noticed a two-headed ogre
 23997 | Orc:2    | Killed an ogre mage
 24025 | Orc:2    | Noticed a two-headed ogre
 24039 | Orc:2    | Killed a two-headed ogre
 24044 | Orc:2    | Reached XP level 12. HP: 57/57 MP: 12/25
 24161 | Orc:2    | Noticed an ogre mage
 24163 | Orc:2    | Noticed a two-headed ogre
 24169 | Orc:2    | Noticed a two-headed ogre
 24173 | Orc:2    | Killed an ogre mage
 24181 | Orc:2    | Killed a two-headed ogre
 24201 | Orc:2    | Killed a two-headed ogre
 24203 | Orc:2    | Killed a two-headed ogre
 24375 | Orc:2    | Noticed a two-headed ogre
 24382 | Orc:2    | Noticed a two-headed ogre
 24382 | Orc:2    | Noticed an ogre mage
 24383 | Orc:2    | Killed a two-headed ogre
 24386 | Orc:2    | Killed a two-headed ogre
 24396 | Orc:2    | Slain by an ogre

Illustrated notes

Levels and vault maps discovered:
D:1:      psy_arrival_fountain, layout_basic, serial_glass, glass_columns_a,
          glass_columns_b, shapermc_ecumenical_altar_starsandcircs,
          feat_on_display
D:2:      layout_basic, uniq_sigmund
D:3:      layout_basic, kennysheep_generic_room_10
D:4:      layout_basic, grunt_ashenzari_visionary
          [grunt_ashenzari_visionary_shoals, grunt_ashenzari_visionary_spider],
          hangedman_abyss_or_decor_stagger, minmay_quadrilaterals, uniq_robin
D:5:      layout_layer_cave, lemuel_round_altar,
          mainiacjoe_overflow_six_doors_small, gammafunk_ghost_necromancy
D:6:      layout_basic, mainiacjoe_overflow_24_doors, minmay_temple_entry_tees,
          st_stairs_6, chequers_serial_rivers_micro_e, minmay_misc_feat_square,
          kennysheep_dice, uniq_pikel
D:7:      layout_loops_ring, kennysheep_little_box, serial_demonic,
          serial_demonic_e, serial_demonic_c, serial_demonic_g,
          serial_demonic_a, serial_demonic_e, serial_demonic_b,
          kennysheep_path_1, minmay_unpleasant_kobolds, uniq_prince_ribbit1
D:8:      layout_basic, minmay_bent
D:9:      layout_small_grid, mainiacjoe_overflow_catwalk
D:10:     layout_basic, overflow_temple_1_default, enter_bailey_6,
          minmay_fractal_squares_5
D:11:     layout_long_grid, grunt_lair_entry_orc_guard_hut, hiddenorc2_lemuel
D:12:     layout_cross, minmay_fractal_squares_gapless_5
D:13:     layout_cave_pools, david_vaults_5, portal_ice_cave_entry_pillars_1,
          uniq_snorg
D:14:     layout_roguey, hangedman_decor_riveting, minivault_8, uniq_josephine
Orc:1:    layout_diamond_mine, serial_shops, shop, rock_pile
Orc:2:    st_orc_ogre_mass, layout_diamond_mine

Skill      XL: |  1  2  3  4  5  6  7  8  9 10 11 12 |
---------------+-------------------------------------+-----
Hexes          | 5 7 8 9 11 12 13 | 13.9
Stealth        | 5 6 7 8 9 11 12 | 12.0
Fighting       | 2 3 5 6 9 |  9.5
Unarmed Combat | 2 3 5 6 9 |  9.6
Dodging        | 3 4 7 6 9 12 | 12.6
Spellcasting   | 3 5 6 8 9 |  9.1

Action                   |  1- 3 |  4- 6 |  7- 9 | 10-12 || total
-------------------------+-------+-------+-------+-------++-------
Melee: Unarmed           |    82 |   108 |   258 |   414 ||   862
       Punch             |     3 |     2 |    10 |    23 ||    38
       Bite              |     4 |    14 |    23 |    49 ||    90
 Cast: Ensorcelled Hiber |    34 |    54 |   105 |   217 ||   410
       Confusing Touch   |       |     6 |    21 |    47 ||    74
       Tukima's Dance    |       |       |     5 |   130 ||   135
       Fulminant Prism   |       |       |       |     1 ||     1
       Dazzling Flash    |       |       |       |     1 ||     1
Invok: Potion Petition   |       |       |     1 |     4 ||     5
Evoke: Wand              |       |     2 |     2 |     2 ||     6
       Condenser vane    |       |       |     1 |     2 ||     3
       Phantom mirror    |       |       |       |     2 ||     2
  Use: Potion            |     1 |     2 |     3 |     3 ||     9
       Scroll            |       |       |     9 |     3 ||    12
 Stab: Sleeping          |    33 |    34 |    71 |   104 ||   242
       Invisible         |     1 |     2 |       |     1 ||     4
       Confused          |       |     4 |    17 |    35 ||    56
       Distracted        |       |       |     3 |     3 ||     6
Armor: Skin              |       |     4 |    21 |    20 ||    45
Dodge: Dodged            |    52 |    71 |   215 |   368 ||   706
Block: Other             |     2 |    18 |    70 |   108 ||   198
       Reflection        |       |     1 |    10 |     7 ||    18
